 Dungeon Crawl Stone Soup version 0.23.2-40-g277498a001 (webtiles) character file.

Game seed: 2736298664164668115

81727 Curus the Severer (level 15, 0/208 HPs)
             Began as a Hill Orc Berserker on Oct 18, 2019.
             Was the Champion of Trog.
             Killed from afar by Jorgrun (13 damage)
             ... with an iron shot
             ... while petrified by Jorgrun
             ... on level 1 of the Orcish Mines.
             The game lasted 01:42:11 (17440 turns).

Curus the Severer (Hill Orc Berserker)             Turns: 17440, Time: 01:42:12

Health: 0/208      AC: 30    Str: 29    XL:     15   Next: 71%
Magic:  23/23      EV: -1    Int:  7    God:    Trog [******]
Gold:   844        SH:  0    Dex: 13    Spells: 14/14 levels left

rFire    + . .     SeeInvis +   p - +3 battleaxe (venom)
rCold    . . .     Gourm    .   (shield currently unavailable)
rNeg     + + +     Faith    .   a - +3 plate armour {rF+}
rPois    ∞         Spirit   .   Q - +0 helmet
rElec    .         Reflect  +   o - +1 cloak
rCorr    .         Harm     .   h - +1 pair of gloves
MR       +....                  C - +1 pair of boots
Stlth    ..........             t - amulet "Vaerhuk" {Reflect SH+4 Stlth+}
HPRegen  0.44/turn              i - ring of see invisible
MPRegen  0.18/turn              y - ring of positive energy

@: berserking (expiring), petrified, grasped by roots, constricted
A: hooves 1, large bone plates 1, molten scales 1
a: Berserk, Trog's Hand, Brothers in Arms, Renounce Religion, Convert to Beogh


You were on level 1 of the Orcish Mines.
You worshipped Trog.
Trog was exalted by your worship.
You were very hungry.

You visited 3 branches of the dungeon, and saw 19 of its levels.
You also visited: Sewer and Volcano.

You collected 1789 gold pieces.
You spent 945 gold pieces at shops.

Inventory:

Hand Weapons
 p - a +3 battleaxe of venom (weapon)
 L - a +5 battleaxe of chopping
Armour
 a - a +3 plate armour of fire resistance (worn)
 d - a +0 chain mail of poison resistance
 h - a +1 pair of gloves (worn)
 o - a +1 cloak (worn)
 s - a +1 chain mail of fire resistance
 C - a +1 pair of boots (worn)
 Q - a +0 helmet (worn)
Jewellery
 b - a +4 ring of protection
 i - a ring of see invisible (left hand)
 j - a cursed ring of attention
 n - an uncursed amulet of the gourmand
 r - an uncursed ring of stealth
 t - the amulet "Vaerhuk" (around neck) {Reflect SH+4 Stlth+}
   (You found it on level 6 of the Dungeon)

   [amulet of reflection]

   It shields you and reflects attacks.
   It affects your SH (+4).
   It makes you more stealthy.
 v - an uncursed ring of ice
 y - a ring of positive energy (right hand)
 E - an uncursed ring of protection from fire
 K - an uncursed amulet of rage
 N - an uncursed ring of wizardry
 P - an uncursed amulet of harm
 W - an uncursed ring of ice
 Y - an uncursed amulet of faith
Wands
 l - a wand of flame (33)
 q - a wand of disintegration (4)
 D - a wand of acid (3)
 G - a wand of random effects (47)
 M - a wand of polymorph (11)
 R - a wand of iceblast (20)
 T - a wand of paralysis (21)
Scrolls
 e - 15 scrolls of identify
 g - 10 scrolls of teleportation
 m - 5 scrolls of fear
 w - 4 scrolls of fog
 F - 3 scrolls of magic mapping
 H - 3 scrolls of remove curse
Potions
 f - a potion of magic
 u - a potion of flight
 x - 3 potions of brilliance
 z - 2 potions of might
 A - 2 potions of haste
 B - 6 potions of heal wounds
 I - 6 potions of curing
 J - 2 potions of agility
 O - a potion of cancellation
 S - 3 potions of ambrosia
 U - a potion of berserk rage
 Z - 2 potions of resistance
Comestibles
 c - 24 rations


   Skills:
 + Level 14.4 Fighting
 - Level 20.4 Axes
 + Level 13.1 Armour
 - Level 1.5 Dodging
 - Level 11.2 Evocations


You had 14 spell levels left.
You didn't know any spells.
Your spell library was empty.

Dungeon Overview and Level Annotations

Branches:
Dungeon (11/15)            Temple (0/1) D:5            Lair (6/6) D:11
 Shoals (0/4) Lair:4        Snake (0/4) Lair:4        Slime (0/5) Lair:5
    Orc (2/2) D:10            Elf (0/3) Orc:2

Altars:
Ashenzari
Cheibriados
Dithmenos
Elyvilon
Fedhas
Gozag
Hepliaklqana
Kikubaaqudgha
Makhleb
Qazlal
Vehumet
Yredelemnul
The Shining One
Jiyva

Shops:
D:4 %}=   D:5 [   D:9 (*!   D:10 %

Annotations:
Lair:6 exclusion: oklob plant
Orc:1 Jorgrun


Innate Abilities, Weirdness & Mutations

You have large cloven feet.
You are partially covered in large bone plates. (SH +4)
You are partially covered in molten scales. (AC +2)


Message History

The two-headed ogre hits you with a +0 giant club!
* * * LOW HITPOINT WARNING * * *
The two-headed ogre hits you but does no damage.
The two-headed ogre hits you with a +0 giant spiked club!
* * * LOW HITPOINT WARNING * * *
The two-headed ogre hits you but does no damage.
The ogre mage hits you from afar with a +0 spear.
* * * LOW HITPOINT WARNING * * *
The orc hits you but does no damage. Jorgrun hits you but does no damage.
* * * LOW HITPOINT WARNING * * *
The grasping roots constrict you.
The two-headed ogre hits you but does no damage.
The two-headed ogre hits you with a cursed -3 giant club!
* * * LOW HITPOINT WARNING * * *
The two-headed ogre hits you but does no damage.
The two-headed ogre hits you with a +0 giant club.
* * * LOW HITPOINT WARNING * * *
Jorgrun gestures at you while chanting. The iron shot hits you!!
You die...

###....#
####.......
..........
#.........
##.........
#..>).##
#####....O##
#.......#Oo##
##......@Ooo#
##....oOgO.....
#####.oO#.....
..... ....
##....$ ..#
###.... ##
#...# ..##


You could see Jorgrun, 3 two-headed ogres, an ogre mage, an orc warrior, 2
ogres, 2 orc priests, an orc wizard (invisible) and an orc.

Vanquished Creatures
  A red draconian (Volcano)
  Nessos (Lair:5)
  Josephine (Lair:5)
  5 hydras
  Erolcha (Orc:1)
  3 catoblepae (Lair:6)
  A centaur warrior (Volcano)
  3 two-headed ogres
  Erica (D:9)
  7 death yaks (Lair:6)
  An unseen horror (D:10)
  An orc knight (Orc:1)
  A lindwurm (Lair:3)
  2 ugly things (D:11)
  A cyclops (Orc:2)
  A merfolk siren (Lair:4)
  14 elephants
  2 manticores (Lair:6)
  2 black mambas
  13 spiny frogs
  A centaur skeleton (D:11)
  3 rime drakes
  9 komodo dragons
  A yaktaur (Volcano)
  A queen bee (Lair:1)
  A hornet (D:11)
  3 merfolk (Lair:4)
  2 trolls
  6 dream sheep (Lair:5)
  Grinder (D:5)
  8 hippogriffs
  17 blink frogs
  3 wraiths (Lair:5)
  2 wyverns (Lair:5)
  44 yaks
  3 basilisks
  4 hogs (D:9)
  A human (D:9)
  2 hungry ghosts
  Menkaure (D:7)
  13 water moccasins
  6 porcupines
  8 orc warriors
  Purgy (Sewer)
  An ice beast (D:8)
  3 phantoms
  2 sky beasts (D:5)
  A necrophage (D:5)
  A black bear (D:8)
  9 wolves
  14 ogres
  4 centaurs
  6 crocodiles
  A big kobold (D:10)
  13 bullfrogs
  5 scorpions
  16 killer bees
  4 electric eels (Lair:5)
  2 howler monkeys (D:9)
  8 crimson imps
  A bullfrog zombie (D:7)
  2 centaur zombies
  2 jellies
  2 hounds (D:4)
  9 orc priests
  A bullfrog skeleton (D:6)
  A gnoll shaman (D:7)
  Jessica (D:3)
  3 iguanas
  12 orc wizards
  6 worker ants
  A hound zombie (D:6)
  13 gnolls
  20 adders
  A shadow imp (D:7)
  An ooze (D:4)
  An adder zombie (D:7)
  3 adder skeletons
  5 worms
  4 dart slugs
  6 leopard geckos
  59 orcs
  2 ball pythons
  5 giant cockroaches
  18 goblins
  8 hobgoblins
  9 jackals
  6 quokkas
  8 bats
  15 frilled lizards
  A jackal skeleton (D:7)
  10 kobolds
  A quokka skeleton (D:4)
  12 rats
  A fungus (Lair:5)
  4 plants
547 creatures vanquished.

Vanquished Creatures (collateral kills)
  2 hydras
2 creatures vanquished.

Vanquished Creatures (others)
  A centaur (Volcano)
  A fungus (Lair:2)
  A plant (D:11)
3 creatures vanquished.

Grand Total: 552 creatures vanquished

Notes
Turn   | Place    | Note
-------+----------+-------------------------------------------
     0 | D:1      | Curus the Hill Orc Berserker began the quest for the Orb.
     0 | D:1      | Reached XP level 1. HP: 19/19 MP: 1/1
    62 | D:1      | Reached XP level 2. HP: 21/26 MP: 2/2
   169 | D:1      | Reached skill level 5 in Axes
   358 | D:1      | Reached XP level 3. HP: 30/31 MP: 3/3
   781 | D:2      | Found a snail-covered altar of Cheibriados.
   785 | D:2      | Reached ** piety under Trog
   803 | D:2      | Reached skill level 6 in Axes
   891 | D:2      | Noticed a phantom
   918 | D:2      | Killed a phantom
   918 | D:2      | Reached skill level 7 in Axes
   918 | D:2      | Reached XP level 4. HP: 17/39 MP: 4/4
   918 | D:2      | Reached XP level 5. HP: 20/45 MP: 5/5
  1314 | D:2      | Reached skill level 8 in Axes
  1318 | D:2      | Gained mutation: Scrolls take you a little longer to read.
                  | [potion of mutation]
  1318 | D:2      | Gained mutation: Your spells are a little harder to cast,
                  | but a little more powerful. [potion of mutation]
  1318 | D:2      | Gained mutation: You have large cloven feet. [potion of
                  | mutation]
  1318 | D:2      | Gained mutation: You have a pair of small horns on your
                  | head. [potion of mutation]
  1367 | D:2      | Reached *** piety under Trog
  2067 | D:3      | Reached XP level 6. HP: 50/51 MP: 6/6
  2126 | D:3      | Found a white marble altar of Elyvilon.
  2298 | D:3      | Reached skill level 9 in Axes
  2311 | D:3      | Noticed Jessica
  2318 | D:3      | Killed Jessica
  2703 | D:4      | Found Deecec's Jewellery Shop.
  2711 | D:4      | Bought a cursed ring of attention for 45 gold pieces
  3062 | D:3      | Lost mutation: Your spells are a little harder to cast, but
                  | a little more powerful. [potion of mutation]
  3062 | D:3      | Lost mutation: Scrolls take you a little longer to read.
                  | [potion of mutation]
  3062 | D:3      | Lost mutation: You have a pair of small horns on your head.
                  | [potion of mutation]
  3062 | D:3      | Gained mutation: You are partially covered in molten
                  | scales. (AC +2) [potion of mutation]
  3062 | D:3      | Gained mutation: You are partially covered in large bone
                  | plates. (SH +4) [potion of mutation]
  3131 | D:4      | Reached skill level 10 in Axes
  3131 | D:4      | Reached XP level 7. HP: 57/57 MP: 7/7
  3148 | D:4      | Found Susotu's Gadget Boutique.
  3255 | D:4      | Found a shadowy altar of Dithmenos.
  3255 | D:4      | Found a radiant altar of Vehumet.
  3255 | D:4      | Found a snail-covered altar of Cheibriados.
  3256 | D:4      | Found a glowing golden altar of the Shining One.
  3257 | D:4      | Found a shattered altar of Ashenzari.
  3309 | D:4      | Found Soisesud's Food Shop.
  3565 | D:5      | Entered Level 5 of the Dungeon
  3622 | D:5      | Found a staircase to the Ecumenical Temple.
  3656 | D:5      | Noticed Grinder
  3672 | D:5      | Killed Grinder
  3672 | D:5      | Reached skill level 11 in Axes
  3677 | D:5      | Found Taicizaa's Armour Boutique.
  3851 | D:5      | Reached **** piety under Trog
  3885 | D:5      | Reached skill level 12 in Axes
  3885 | D:5      | Reached XP level 8. HP: 20/64 MP: 8/8
  4780 | D:6      | Reached skill level 13 in Axes
  4833 | D:6      | Received a gift from Trog
  5026 | D:6      | Got a scintillating steel amulet
  5109 | D:6      | Found a glowing drain.
  5126 | Sewer    | Entered a sewer
  5143 | Sewer    | Noticed Purgy
  5149 | Sewer    | Killed Purgy
  5149 | Sewer    | Reached skill level 14 in Axes
  5431 | D:6      | Found a blossoming altar of Fedhas.
  5522 | D:6      | Identified the amulet "Vaerhuk" {Reflect SH+4 Stlth+} (You
                  | found it on level 6 of the Dungeon)
  5537 | D:7      | Reached XP level 9. HP: 72/72 MP: 9/9
  5607 | D:7      | Noticed Menkaure
  5622 | D:7      | Killed Menkaure
  5622 | D:7      | Reached skill level 5 in Fighting
  5661 | D:7      | Reached ***** piety under Trog
  6125 | D:7      | Reached skill level 5 in Armour
  6399 | D:7      | Found a burning altar of Makhleb.
  6545 | D:8      | Found a basalt altar of Yredelemnul.
  6606 | D:8      | Identified the +4 ring mail of Jeurr {+Blink rElec rC+
                  | Str+4}
  6796 | D:8      | Found an ancient bone altar of Kikubaaqudgha.
  7181 | D:8      | Received a gift from Trog
  7181 | D:8      | Reached XP level 10. HP: 88/88 MP: 10/10
  7248 | D:8      | Found a stormy altar of Qazlal.
  7382 | D:8      | Found a hazy altar of Hepliaklqana.
  7472 | D:9      | Found Task's General Store.
  7488 | D:9      | Bought a potion of cancellation for 120 gold pieces
  7528 | D:9      | Found Qivadec's Antique Weapon Emporium.
  7792 | D:9      | Found Qickoc's Distillery.
  7801 | D:9      | Noticed Erica
  7819 | D:9      | Killed Erica
  7835 | D:9      | Reached skill level 10 in Fighting
  7882 | D:9      | Bought a potion of curing for 36 gold pieces
  7882 | D:9      | Bought a potion of ambrosia for 96 gold pieces
  7882 | D:9      | Bought a potion of might for 48 gold pieces
  7895 | D:9      | Found an opulent altar of Gozag.
  8452 | D:10     | Entered Level 10 of the Dungeon
  8520 | D:10     | Noticed a two-headed ogre
  8528 | D:10     | Killed a two-headed ogre
  8528 | D:10     | Reached XP level 11. HP: 97/102 MP: 11/11
  8545 | D:10     | Noticed an unseen horror
  8555 | D:10     | Killed an unseen horror
  8555 | D:10     | Reached skill level 10 in Armour
  8753 | D:10     | Found Lavonomn's Food Boutique.
  8816 | D:10     | Noticed a two-headed ogre
  8822 | D:10     | Killed a two-headed ogre
  8943 | D:10     | Received a gift from Trog
  8981 | D:10     | Found a staircase to the Orcish Mines.
  9047 | D:11     | Found a staircase to the Lair.
  9065 | Lair:1   | Entered Level 1 of the Lair of Beasts
  9120 | Lair:1   | Reached skill level 1 in Evocations
  9531 | Lair:1   | Reached skill level 15 in Axes
  9689 | Lair:1   | Reached XP level 12. HP: 93/112 MP: 15/15
  9698 | Lair:1   | Reached skill level 5 in Evocations
  9733 | Lair:1   | Reached ****** piety under Trog
 10137 | Lair:2   | Reached skill level 16 in Axes
 10555 | Lair:2   | Found a snail-covered altar of Cheibriados.
 10726 | Lair:2   | Noticed a four-headed hydra
 10739 | Lair:2   | Killed a nine-headed hydra
 11082 | Lair:3   | Noticed a seven-headed hydra
 11091 | Lair:3   | Killed a nine-headed hydra
 11091 | Lair:3   | Reached skill level 17 in Axes
 11602 | Lair:3   | Found a dark tunnel.
 11611 | Volcano  | Entered a volcano
 11676 | Volcano  | Noticed a centaur warrior
 11685 | Volcano  | Killed a centaur warrior
 11721 | Volcano  | Noticed a red draconian
 11732 | Volcano  | Killed a red draconian
 11900 | Lair:4   | Noticed an eight-headed hydra
 11908 | Lair:4   | Killed an 11-headed hydra
 11908 | Lair:4   | Reached XP level 13. HP: 73/118 MP: 18/18
 11935 | Lair:4   | Reached skill level 18 in Axes
 12137 | Lair:4   | Found a staircase to the Shoals.
 12446 | Lair:4   | Found a staircase to the Snake Pit.
 12837 | Lair:5   | Noticed Nessos
 12865 | Lair:5   | Killed Nessos
 12865 | Lair:5   | Reached skill level 19 in Axes
 13647 | Lair:5   | Noticed Josephine
 13659 | Lair:5   | Killed Josephine
 13666 | Lair:5   | Reached skill level 10 in Evocations
 13830 | Lair:5   | Found a viscous altar of Jiyva.
 13831 | Lair:5   | Found a staircase to the Slime Pits.
 14342 | D:9      | Bought a potion of experience for 600 gold pieces
 14351 | D:9      | Reached skill level 20 in Axes
 14351 | D:9      | Reached XP level 14. HP: 126/126 MP: 20/22
 14415 | D:11     | Reached XP level 15. HP: 132/132 MP: 23/23
 15318 | Lair:6   | Entered Level 6 of the Lair of Beasts
 16866 | Orc:1    | Entered Level 1 of the Orcish Mines
 16880 | Orc:1    | Noticed Erolcha
 16884 | Orc:1    | Killed Erolcha
 16893 | Orc:1    | Received a gift from Trog
 17125 | Orc:2    | Entered Level 2 of the Orcish Mines
 17167 | Orc:2    | Found a staircase to the Elven Halls.
 17422 | Orc:1    | Noticed Jorgrun
 17440 | Orc:1    | Killed from afar by Jorgrun

Skill      XL: |  1  2  3  4  5  6  7  8  9 10 11 12 13 14 15 |
---------------+----------------------------------------------+-----
Axes           | 5 7 8 10 12 14 15 17 20 | 20.4
Fighting       | 4 8 11 12 14 | 14.4
Armour         | 3 6 9 10 13 | 13.1
Evocations     | 4 7 11 | 11.2
Dodging        | |  1.5

Action                   |  1- 3 |  4- 6 |  7- 9 | 10-12 | 13-15 || total
-------------------------+-------+-------+-------+-------+-------++-------
Melee: Hand axe          |   108 |   179 |   533 |       |       ||   820
       Kick              |       |    40 |    73 |       |       ||   113
       Headbutt          |       |    12 |       |       |       ||    12
       Battleaxe         |       |       |       |   485 |   568 ||  1053
Invok: Berserk           |     1 |       |     1 |     2 |     6 ||    10
       Trog's Hand       |       |       |     1 |       |     1 ||     2
       Brothers in Arms  |       |       |       |     3 |       ||     3
Evoke: Wand              |       |       |     4 |     9 |     6 ||    19
  Use: Scroll            |     4 |     2 |     8 |     6 |     4 ||    24
       Potion            |       |     3 |    10 |     1 |     2 ||    16
  Eat: Chunk             |       |     6 |     4 |    16 |    13 ||    39
       Ration            |       |     1 |     3 |     1 |     3 ||     8
Armor: Scale mail        |     4 |       |       |       |       ||     4
       Animal skin       |     2 |       |       |       |       ||     2
       Plate armour      |    45 |    90 |   150 |   284 |   312 ||   881
       Chain mail        |       |       |       |    21 |       ||    21
Dodge: Dodged            |    37 |    39 |    50 |   120 |   123 ||   369
Block: Buckler           |       |    10 |   180 |       |       ||   190
       Other             |       |       |       |   190 |   164 ||   354
       Reflection        |       |       |       |     6 |     1 ||     7
